 Dungeon Crawl Stone Soup version 0.29.1 (webtiles) character file.

Game seed: 12126498099536098047

137 raistware the Magician (level 5, -8/29 (31) HPs)
             Began as an Octopode Conjurer on Sept 14, 2022.
             Killed by miscasting Iskenderun's Mystic Blast (13 damage)
             ... in a sewer.
             The game lasted 00:03:45 (2831 turns).

raistware the Magician (Octopode Conjurer)          Turns: 2831, Time: 00:03:46

HP:   -8/29 (31)    AC:  1    Str:  6    XL:     5   Next: 20%
MP:   3/11          EV: 13    Int: 22    God:
Gold: 81            SH:  0    Dex: 11    Spells: 7/12 levels left

rFire   . . .      SeeInvis .   (no weapon)
rCold   + . .      Faith    .   (no shield)
rNeg    . . .      Spirit   .   (helmet restricted)
rPois   .          Reflect  .   f - amulet of magic regeneration
rElec   .          Harm     .   d - ring of protection from cold
rCorr   .          Rampage  .   (no ring)
Will    .....                   (no ring)
Stlth   +++.......              (no ring)
HPRegen 0.09/turn               (no ring)
MPRegen 0.52/turn               (no ring)
                                (no ring)
                                (no ring)

@: very slightly contaminated, drained
A: almost no armour, amphibious, 8 rings, camouflage 1, gelatinous body 1,
(nimble swimmer 1), tentacles
a: no special abilities


You were in a sewer.
You visited 1 branch of the dungeon, and saw 3 of its levels.
You also visited: Sewer.

You collected 81 gold pieces.

Inventory:

Jewellery
 d - a ring of protection from cold (left tentacle)
 f - an amulet of magic regeneration (around mantle)
Scrolls
 b - a scroll of enchant weapon {unknown}
 c - 2 scrolls of teleportation {unknown}
Potions
 a - a potion of magic
 e - a potion of lignification
 g - a potion of curing {unknown}


   Skills:
 - Level 2.0 Dodging
 - Level 2.6 Stealth
 + Level 4.3 Spellcasting
 - Level 4.0 Conjurations
 - Level 2.0 Translocations


You had 7 spell levels left.
You knew the following spells:

 Your Spells              Type           Power      Damage    Failure   Level
a - Magic Dart            Conj           88%        1d7       1%          1
b - Iskenderun's Mystic   Conj/Tloc      18%        2d6       30%         4

Your spell library contained the following spells:

 Spells                   Type           Power      Damage    Failure   Level
 Searing Ray              Conj           44%        2d6       3%          2
 Dazzling Flash           Conj/Hex       26%        N/A       14%         3
 Fulminant Prism          Conj/Hex       6%         3d7       43%         4


Dungeon Overview and Level Annotations

Branches:
Dungeon (3/15)              Sewer (1/1)

Altars:
The Shining One

Annotations:
D:2 1 runed translucent door, Crazy Yiuf


Innate Abilities, Weirdness & Mutations

You cannot wear most types of armour.
You are amphibious.
You can wear up to eight rings at the same time.
Your skin changes colour to match your surroundings (Stealth+).
Your rubbery body absorbs attacks. (AC +1, EV +1)
((You are camouflaged when in or above water. (Stealth+)))
You have tentacles for arms and can constrict up to eight enemies at once.


Message History

You open the door.
A hell rat comes into view.
Found seven items.
Found a gate leading back out of this place.
Okay, then.
You aren't carrying any items that you can evoke.
Unknown command.
The magic dart hits the hell rat.
The hell rat is lightly wounded.
The hell rat roars deafeningly!
The magic dart hits the hell rat but does no damage.
The hell rat is lightly wounded.
The magic dart hits the hell rat but does no damage.
The hell rat is lightly wounded.
The magic dart hits the hell rat.
The hell rat is heavily wounded.
The hell rat closely misses you.
The magic dart hits the hell rat.
The hell rat is heavily wounded.
The hell rat misses you.
The magic dart hits the hell rat but does no damage.
The hell rat is heavily wounded.
The hell rat bites you.
You feel drained.
The magic dart hits the hell rat but does no damage.
The hell rat is heavily wounded.
The hell rat misses you.
The magic dart hits the hell rat but does no damage.
The hell rat is heavily wounded.
The hell rat bites you!!
Ouch! That really hurt!
You feel drained.
* * * LOW HITPOINT WARNING * * *
The hell rat completely misses you.
Casting: Magic Dart (safe; 1% risk of failure)
Confirm with . or Enter, or press ? or * to list all spells.
The spell is extremely dangerous to miscast (30% risk of failure)!
Continue anyway?
You miscast Iskenderun's Mystic Blast.
You are very lightly contaminated with residual magic.
Energy rips through your body!
You die...

###~.~###
#~..~.~.#
##.~~.~..##
#.†.###~..#
##~†## ##~~##
#~~~#~~ #...#
#~~##!~~##.†#
#.~#!?~~~#..#
#∩∩#∩!~~~r@~#
#~.#?!~~~#~~#
#..##:.~ #~~#
#.~~#~~ .~~#
##~~## ~~##
#.~. .÷.#
##.~~ ~~##
~.~~.~.


You could see a hell rat.

Vanquished Creatures
  An orc priest (D:3)
  3 adders (D:2)
  2 river rats (Sewer)
  A dart slug (D:1)
  4 orcs (D:3)
  3 bats (D:1)
  4 endoplasms (D:2)
  8 giant cockroaches
  2 goblins (D:2)
  6 hobgoblins (D:2)
  2 quokkas (D:3)
  A ball python (D:1)
  3 frilled lizards
  7 kobolds
  12 rats
59 creatures vanquished.

Notes
Turn   | Place    | Note
-------+----------+-------------------------------------------
     0 | D:1      | raistware the Octopode Conjurer began the quest for the
                  | Orb.
     0 | D:1      | Reached XP level 1. HP: 11/11 MP: 3/3
   251 | D:1      | Reached XP level 2. HP: 17/17 MP: 2/5
  1374 | D:2      | Reached XP level 3. HP: 21/21 MP: 2/7
  1759 | D:2      | Reached XP level 4. HP: 27/27 MP: 4/9
  1766 | D:2      | Learned a level 4 spell: Iskenderun's Mystic Blast
  1873 | D:2      | Found a glowing golden altar of the Shining One.
  2082 | D:2      | Found a runed translucent door.
  2083 | D:2      | Noticed Crazy Yiuf
  2270 | D:3      | Reached skill level 1 in Translocations
  2340 | D:3      | Found a glowing drain.
  2456 | D:3      | Reached XP level 5. HP: 17/31 MP: 7/11
  2459 | Sewer    | Entered a sewer
  2831 | Sewer    | Killed by miscasting Iskenderun's Mystic Blast

Illustrated notes

Levels and vault maps discovered:
D:1:      elethiomel_arrival_infinity_welcomes_careful_drivers,
          layout_loops_ring, serial_forest, infiniplex_forest_lined_2,
          infiniplex_forest_clump_curved, infiniplex_forest_end_3,
          infiniplex_forest_straight_2
D:2:      layout_rooms, basic_altar, feat_on_display, uniq_crazy_yiuf_cottage
D:3:      layout_loops_ring, amcnicky_altar_gilded, xom_teletrap_fun,
          portal_sewer_entry_f, minmay_misc_feat_doors, kennysheep_flooded_box,
          uniq_robin
Sewer:    sewer_hellmonk_bad_rat

Skill      XL: |  1  2  3  4 |
---------------+-------------+-----
Spellcasting   | 3 4 |  4.3
Translocations | 2 |  2.0
Dodging        | |  2.0
Stealth        | |  2.6
Conjurations   | |  4.0

Action                   |  1- 3 |  4- 6 || total
-------------------------+-------+-------++-------
Melee: Unarmed           |       |    27 ||    27
       Constrict         |       |     4 ||     4
       Tentacles         |       |     4 ||     4
 Cast: Magic Dart        |    63 |    57 ||   120
       Iskenderun's Myst |       |     1 ||     1
  Use: Potion            |       |     2 ||     2
Armor: Skin              |     2 |    18 ||    20
Dodge: Dodged            |     2 |    18 ||    20
